 Dungeon Crawl Stone Soup version 0.24.0-7-gb3623d2c88 (webtiles) character file.

Game seed: 12159512320765231860, levelgen mode: deterministic

119 mortelune the Skirmisher (level 4, -1/41 HPs)
             Began as a Minotaur Monk on Nov 3, 2019.
             Slain by a gnoll
             ... wielding a +0 halberd
              (14 damage)
             ... on level 2 of the Dungeon.
             The game lasted 00:04:59 (2233 turns).

mortelune the Skirmisher (Minotaur Monk)            Turns: 2233, Time: 00:05:00

Health: -1/41      AC:  2    Str: 17    XL:     4   Next: 73%
Magic:  3/3        EV: 13    Int:  7    God:
Gold:   178        SH:  0    Dex: 12    Spells: 3/3 levels left

rFire    . . .     SeeInvis .   a - +0 falchion
rCold    . . .     Gourm    .   (no shield)
rNeg     . . .     Faith    .   b - +0 robe
rPois    .         Spirit   .   (helmet restricted)
rElec    .         Reflect  .   (no cloak)
rCorr    .         Harm     .   (no gloves)
MR       .....                  (no boots)
Stlth    ++........             (no amulet)
HPRegen  0.13/turn              (no ring)
MPRegen  0.08/turn              (no ring)

@: lightly drained
A: retaliatory headbutt, horns 2
a: no special abilities


You were on level 2 of the Dungeon.
You were not hungry.

You visited 1 branch of the dungeon, and saw 2 of its levels.

You collected 178 gold pieces.

Inventory:

Hand Weapons
 a - a +0 falchion (weapon)
Armour
 b - a +0 robe (worn)
Scrolls
 g - a scroll of teleportation {unknown}
 h - a scroll of fear {unknown}
 j - a scroll of blinking {unknown}
 k - a scroll of identify {unknown}
Potions
 e - a potion of brilliance {unknown}
 f - a potion of curing {unknown}
 i - 2 potions of heal wounds {unknown}
Comestibles
 c - 6 rations


   Skills:
 + Level 4.9(4.4) Fighting
 + Level 4.8(4.3) Long Blades
 + Level 2.8(2.4) Armour
 - Level 3.2(2.8) Dodging
 - Level 1.5(1.1) Stealth


You had 3 spell levels left.
You didn't know any spells.
Your spell library was empty.

Dungeon Overview and Level Annotations

Branches:
Dungeon (2/15)

Altars:
Wu Jian


Innate Abilities, Weirdness & Mutations

You reflexively headbutt those who attack you in melee.
You have a pair of horns on your head.


Message History

A gnoll comes into view. It is wielding a +0 halberd.
A gnoll is nearby!
The gnoll shouts!
You hear a shout! x2
A gnoll comes into view. It is wielding a +0 halberd.
A gnoll comes into view. It is wielding a +0 spear. x2
The gnoll hits you from afar with a +0 halberd!
The gnoll hits you but does no damage.
You see here a +0 dagger.
There is a stone staircase leading up, spattered with blood here.
The gnoll closely misses you.
You see here a +0 dagger.
The gnoll closely misses you. The gnoll misses you.
The gnoll hits you with a +0 halberd!
The gnoll hits you from afar with a +0 halberd.
The gnoll barely misses you.
You see here a +0 dagger.
There is a stone staircase leading up, spattered with blood here.
The gnoll hits you from afar with a +0 halberd!
The gnoll hits you with a +0 halberd!
You die...

...............(#######..........
.(###............######.......>..
#..###########....##..#.)........
##.# #...###...........<)......
##.# #..............#.....#....
##.# #...###..............##...
.#.# ###....##............##.##
g#[# #....###)).........##.##
...#######....gg@<#.........##.#.
##gg..#.......g####...>.....##.#.
#.##...##......###.........##.#.
#.##....#....#..###).......##.#.
#..##.#.#........)...##.......#.
##....#.#....#.####.............
..####........## ##............
..#.# ##........# #............ #
.# #..####..#####...........


You could see 3 gnolls.

Vanquished Creatures
  Terence (D:2)
  Robin (D:1)
  An adder (D:2)
  An ooze (D:1)
  A leopard gecko (D:1)
  3 ball pythons (D:1)
  4 bats
  2 giant cockroaches
  12 hobgoblins
  4 jackals (D:1)
  6 kobolds
  A frilled lizard (D:1)
  14 goblins
  6 rats
57 creatures vanquished.

Vanquished Creatures (others)
  5 toadstools (D:1)
5 creatures vanquished.

Grand Total: 62 creatures vanquished

Notes
Turn   | Place    | Note
-------+----------+-------------------------------------------
     0 | D:1      | mortelune the Minotaur Monk began the quest for the Orb.
     0 | D:1      | Reached XP level 1. HP: 19/19 MP: 0/0
   281 | D:1      | Reached skill level 1 in Armour
   281 | D:1      | Reached XP level 2. HP: 18/27 MP: 1/1
   710 | D:1      | Reached XP level 3. HP: 20/33 MP: 2/2
  1093 | D:2      | Noticed Terence
  1108 | D:2      | Killed Terence
  1108 | D:2      | Reached XP level 4. HP: 24/41 MP: 3/3
  1314 | D:2      | Noticed Robin
  1593 | D:1      | Killed Robin
  2118 | D:2      | Found an ornate altar of the Wu Jian Council.
  2233 | D:2      | Slain by a gnoll

Levels and vault maps discovered:
D:1:      moated_graveyard_arrival, layout_basic, chequers_mini_garden,
          minmay_gold_behind_fungi
D:2:      layout_rooms, overflow_temple_1_default, first_ration, uniq_robin,
          uniq_terence

Skill      XL: |  1  2  3 |
---------------+----------+-----
Armour         | 1 2 |  2.8
Long Blades    | 4 |  4.8
Fighting       | 4 |  4.9
Dodging        | |  3.2
Stealth        | |  1.5

Action                   |  1- 3 |  4- 6 || total
-------------------------+-------+-------++-------
Melee: Falchion          |    52 |    51 ||   103
       Headbutt          |    13 |     9 ||    22
 Stab: Sleeping          |     2 |     1 ||     3
  Eat: Chunk             |     1 |     3 ||     4
Armor: Robe              |     7 |     3 ||    10
Dodge: Dodged            |    33 |    43 ||    76
       Rpst.: Falchion   |     8 |     8 ||    16
